 Dungeon Crawl Stone Soup version 0.17.0-18-gaab0e96 (webtiles) character file.

228 st0uf the Cudgeler (level 5, -9/41 HPs)
             Began as a Demonspawn Gladiator on Nov 11, 2015.
             Killed by divine providence
             ... invoked by an orc priest
              (15 damage)
             ... on level 4 of the Dungeon.
             The game lasted 00:16:58 (3835 turns).

st0uf the Cudgeler (Demonspawn Gladiator)           Turns: 3835, Time: 00:16:58

Health: -9/41      AC:  8    Str: 16    XL:     5   Next: 70%
Magic:  5/5        EV: 12    Int:  9    God:
Gold:   138        SH:  4    Dex: 14    Spells: 0 memorised, 4 levels left

rFire  . . .     SeeInvis .     a - +0 flail
rCold  . . .     Clarity  .     b - +0 leather armour
rNeg   . . .     SustAt   .     u - +0 buckler
rPois  .         Gourm    .     c - +0 helmet
rElec  .         Spirit   .     (no cloak)
rCorr  .         Warding  .     (no gloves)
rMut   .         Stasis   .     (no boots)
MR     .....                    (no amulet)
Stlth  +.........               (no ring)
                                (no ring)

@: not resistant to hostile enchantments, very unstealthy
A: claws 1, iridescent scales 1, rot immunity
a: no special abilities


You were on level 4 of the Dungeon.
You were not hungry.

You visited 1 branch of the dungeon, and saw 4 of its levels.

You collected 138 gold pieces.

Inventory:

Hand Weapons
 a - a +0 flail (weapon)
Missiles
 d - 4 throwing nets (quivered)
Armour
 b - a +0 leather armour (worn)
 c - a +0 helmet (worn)
 g - a +0 shield
 u - a +0 buckler (worn)
Jewellery
 p - an uncursed ring of fire
 v - an uncursed amulet of regeneration {unknown}
Scrolls
 j - 3 scrolls of teleportation
 k - 5 scrolls of fear
 m - 4 scrolls of identify
 n - a scroll of fog {unknown}
 o - 3 scrolls of noise {unknown}
 q - a scroll of amnesia {unknown}
 r - 3 scrolls of magic mapping {unknown}
 w - a scroll of random uselessness {unknown}
Potions
 h - a potion of curing {unknown}
 i - a potion of resistance {unknown}
 l - a potion of degeneration {unknown}
 z - a potion of heal wounds {unknown}
Comestibles
 e - a bread ration
 f - 2 meat rations
 s - a beef jerky
 t - a slice of pizza
 x - 8 chunks of flesh


   Skills:
 + Level 3.1 Fighting
 + Level 3.9 Maces & Flails
 - Level 1.7 Throwing
 + Level 2.1 Armour
 - Level 2.7 Dodging
 + Level 2.5 Shields


You had 4 spell levels left.
You didn't know any spells.

Dungeon Overview and Level Annotations

Branches:
Dungeon (4/15)
 Temple: D:4-7

Altars:

Annotations:
D:3 Grinder
D:4 Robin


Innate Abilities, Weirdness & Mutations

You have sharp fingernails.
You are partially covered in iridescent scales (AC +4).
You are immune to rotting.


Message History

The orc priest mumbles some strange prayers to Beogh against you.
Something smites you!
* * * LOW HITPOINT WARNING * * *
You hit the orc priest.
The orc priest is moderately wounded.
You block the orc priest's attack.
A hound comes into view.
You closely miss the orc priest.
The orc priest is moderately wounded.
The orc priest invokes the aid of Beogh against you.
You barely resist.
The hound barks!
You hit the orc priest but do no damage.
The orc priest is moderately wounded.
The orc priest hits you but does no damage.
You hit the orc priest.
The orc priest is heavily wounded.
The orc priest invokes the aid of Beogh against you.
Something smites you!
You die...

...###$# .p.<...#
##.##### ...# ...# ...#
...# #####
...###############h.....
................@oZ.....
..#............###s.....
..#............# .....
..#............# ....
..#............# ...
###............# ..
#............# .
#####........#


You could see a scorpion, a hound, an orc priest and a hound skeleton.

Vanquished Creatures
  2 orc wizards (D:3)
  A worker ant (D:4)
  The ghost of BLOAX the Ruffian, a weakling VSGl (D:3)
  2 adders
  4 worms
  3 giant geckos
  5 orcs (D:3)
  A ball python (D:1)
  3 giant cockroaches
  21 goblins
  10 hobgoblins
  12 jackals
  10 kobolds
  3 quokkas
  8 bats
  6 giant newts
  6 rats
98 creatures vanquished.

Notes
Turn   | Place    | Note
--------------------------------------------------------------
     0 | D:1      | st0uf the Demonspawn Gladiator began the quest for the Orb.
     0 | D:1      | Reached XP level 1. HP: 16/16 MP: 1/1
   231 | D:1      | Gained mutation: You are partially covered in iridescent scales (AC +4). [demonic ancestry]
   231 | D:1      | Reached XP level 2. HP: 9/22 MP: 2/2
   539 | D:1      | Reached skill level 3 in Maces & Flails
   918 | D:1      | Reached XP level 3. HP: 17/27 MP: 3/3
  1033 | D:1      | Reached skill level 1 in Shields
  1328 | D:2      | Reached skill level 1 in Armour
  2092 | D:3      | Gained mutation: You have sharp fingernails. [demonic ancestry]
  2092 | D:3      | Reached XP level 4. HP: 30/34 MP: 4/4
  2453 | D:3      | Noticed BLOAX's ghost (weakling VSGl)
  2469 | D:3      | Killed BLOAX's ghost
  2703 | D:3      | Noticed Grinder
  2707 | D:3      | Paralysed by Grinder for 7 turns
  2718 | D:3      | Paralysed by Grinder for 6 turns
  2723 | D:3      | HP: 1/34 [Grinder (6)]
  3294 | D:3      | Gained mutation: You are immune to rotting. [demonic ancestry]
  3294 | D:3      | Reached XP level 5. HP: 29/40 MP: 5/5
  3578 | D:4      | Noticed Robin
  3678 | D:4      | Noticed a slave
  3809 | D:4      | Noticed a slave
  3835 | D:4      | Killed from afar by an orc priest

Action                   |  1- 3 |  4- 6 || total
-------------------------+-------+-------++-------
Melee: Flail             |   174 |   229 ||   403
  Use: Scroll            |       |     2 ||     2
 Stab: Sleeping          |     1 |       ||     1
  Eat: Chunk             |     4 |     6 ||    10
